Map: Jagannatha LE

Players

HellraiseR - Winner!

  • Race: Protoss Protoss
  • League: Grandmaster

LiquidMaNa (MaNa)

  • Race: Protoss Protoss
  • League: Grandmaster

Event: DreamHack SC2 Masters 2021 Summer

VOD

Have the link to the VOD?

Description

Time

  • Played on: May 22, 2021, 11:21 a.m.
  • Length: 21:17

All games in this series

Show
View Real Time Build Order
Export as new Build Order

HellraiseR Protoss - Winner!

Build Orders: Oracle Opening, Carriers 

Get SALT Encoding   

  12  0:00  Probe  
  13  0:12  Probe  
  14  0:17  Pylon  
  14  0:24  Probe (Chrono Boost)  
  15  0:36  Probe (Chrono Boost), Gateway  
  16  0:44  Probe (Chrono Boost)  
  16  0:47  Assimilator  
  17  0:51  Probe  
  17  0:55  Assimilator  
  18  1:03  Probe (Chrono Boost)  
  19  1:08  Gateway  
  19  1:12  Probe (Chrono Boost)  
  19  1:17  Probe (Chrono Boost)  
  21  1:27  Cybernetics Core  
  21  1:30  Probe  
  22  1:38  Pylon  
  22  1:42  Probe  
  23  1:56  Probe  
  24  2:03  Warp Gate, Adept x2  
  28  2:08  Probe  
  28  2:13  Pylon  
  29  2:31  Stargate  
  29  2:33  Stalker  
  31  2:39  Stalker  
  33  3:12  Oracle (Chrono Boost)  
  31  3:13  Probe  
  33  3:21  Shield Battery  
  33  3:24  Robotics Facility  
  33  3:32  Pylon  
  33  3:38  Void Ray (Chrono Boost)  
  33  3:40  Pylon  
  37  3:55  Pylon  
  37  3:56  Adept x2  
  37  3:57  Shield Battery  
  41  4:17  Immortal (Chrono Boost)  
  45  4:29  Zealot x2  
  49  4:32  Void Ray  
  53  4:44  Pylon  
  53  5:00  Immortal  
  55  5:07  Stalker  
  57  5:26  Pylon  
  57  5:27  Void Ray  
  57  5:30  Shield Battery  
  61  5:45  Probe  
  61  5:48  Observer (Chrono Boost)  
  63  5:52  Zealot  
  65  6:06  Warp Prism (Chrono Boost)  
  65  6:07  Pylon  
  65  6:09  Gateway  
  67  6:17  Void Ray (Chrono Boost)  
  67  6:25  Adept  
  73  6:52  Stalker  
  75  7:01  Nexus  
  75  7:12  Probe  
  73  7:17  Pylon  
  73  7:25  Probe  
  74  7:36  Void Ray  
  74  7:39  Probe  
  74  7:43  Immortal  
  81  7:54  Probe  
  81  7:56  Shield Battery  
  82  8:10  Probe (Chrono Boost)  
  83  8:14  Probe (Chrono Boost)  
  83  8:15  Sentry  
  87  8:21  Probe (Chrono Boost)  
  87  8:23  Probe (Chrono Boost), Assimilator  
  88  8:27  Probe (Chrono Boost)  
  88  8:28  Probe (Chrono Boost)  
  90  8:35  Assimilator  
  90  8:40  Stargate  
  89  8:51  Probe x2  
  87  9:12  Observer, Void Ray (Chrono Boost)  
  87  9:13  Probe  
  87  9:16  Void Ray (Chrono Boost)  
  89  9:18  Adept x2  
  96  9:37  Nexus  
  96  9:54  Probe  
  96  9:56  Probe  
  94  10:06  Probe  
  93  10:07  Void Ray (Chrono Boost), Protoss Air Weapons Level 1  
  93  10:08  Probe  
  93  10:12  Pylon  
  94  10:21  Observer  
  94  10:22  Pylon  
  94  10:23  Pylon  
  94  10:30  Probe x2  
  94  10:31  Void Ray (Chrono Boost)  
  100  10:40  Void Ray (Chrono Boost)  
  100  10:42  Probe x2, Shield Battery  
  102  10:47  Pylon  
  106  10:54  Probe x2  
  106  10:55  Probe  
  109  10:58  Void Ray (Chrono Boost)  
  109  11:06  Probe x2  
  109  11:08  Probe  
  109  11:09  Void Ray (Chrono Boost)  
  118  11:18  Probe  
  118  11:22  Robotics Bay  
  118  11:24  Probe x2  
  121  11:27  Shield Battery  
  121  11:28  Void Ray (Chrono Boost)  
  121  11:30  Pylon  
  121  11:35  Probe  
  121  11:36  Probe  
  127  11:42  Assimilator  
  127  11:45  Assimilator, Forge  
  127  11:49  Pylon  
  127  11:50  Void Ray (Chrono Boost)  
  127  11:53  Shield Battery  
  127  11:55  Shield Battery  
  127  11:56  Shield Battery  
  131  12:04  Adept x2  
  131  12:06  Shield Battery  
  131  12:08  Pylon  
  135  12:11  Disruptor (Chrono Boost)  
  135  12:12  Pylon  
  138  12:18  Void Ray  
  138  12:20  Void Ray  
  146  12:30  Photon Cannon  
  146  12:35  Assimilator  
  146  12:36  Shield Battery  
  146  12:37  Disruptor (Chrono Boost)  
  146  12:43  Probe x3  
  152  12:51  Fleet Beacon  
  152  12:57  Probe x2  
  154  12:59  Pylon  
  154  13:07  Disruptor  
  157  13:16  Observer  
  155  13:35  Carrier x2 (Chrono Boost)  
  167  13:43  Observer  
  167  13:55  Protoss Air Weapons Level 2 (Chrono Boost)  
  167  13:59  Photon Cannon, Stargate  
  167  14:01  Pylon  
  167  14:04  Photon Cannon x2, Disruptor  
  167  14:06  Shield Battery  
  167  14:29  Carrier (Chrono Boost)  
  167  14:30  Carrier (Chrono Boost)  
  179  14:40  Carrier (Chrono Boost), Shield Battery  
  179  14:41  Shield Battery  
  179  14:44  Nexus  
  183  14:58  Probe  
  169  15:13  Mothership (Chrono Boost)  
  169  15:24  Carrier (Chrono Boost)  
  169  15:28  Nexus  
  183  15:33  Photon Cannon  
  183  15:36  Photon Cannon, Pylon  
  183  15:38  Photon Cannon  
  188  15:44  Carrier (Chrono Boost)  
  188  15:56  Nexus  
  188  15:57  Carrier (Chrono Boost)  
  188  15:58  Shield Battery  
  188  16:00  Photon Cannon  
  194  16:04  Observer  
  194  16:16  Photon Cannon  
  194  16:17  Shield Battery  
  194  16:19  Pylon  
  194  16:23  Observer (Chrono Boost)  
  195  16:36  Observer (Chrono Boost)  
  190  16:44  Assimilator  
  190  16:45  Carrier (Chrono Boost)  
  190  16:46  Assimilator  
  192  16:48  Pylon  
  192  16:58  Photon Cannon  
  192  17:00  Shield Battery  
  195  17:07  Flux Vanes  
  195  17:09  Oracle (Chrono Boost)  
  195  17:10  Photon Cannon  
  195  17:12  Void Ray (Chrono Boost)  
  199  17:28  Photon Cannon  
  199  17:30  Photon Cannon  
  199  17:31  Pylon  
  199  17:34  Pylon  
  199  17:42  Nexus  
  198  18:00  Nexus  
  197  18:05  Protoss Air Weapons Level 3 (Chrono Boost)  
  197  18:17  Void Ray (Chrono Boost)  
  185  18:23  Void Ray (Chrono Boost)  
  177  18:27  Void Ray (Chrono Boost)  
  163  18:42  Observer (Chrono Boost)  
  163  18:43  Probe  
  163  18:44  Probe  
  163  18:46  Probe  
  167  18:49  Void Ray (Chrono Boost)  
  167  18:53  Void Ray  
  170  19:01  Immortal (Chrono Boost)  
  177  19:05  Void Ray  
  178  19:22  Void Ray  
  178  19:29  Probe  
  182  19:37  Zealot x2  
  182  19:39  Nexus  
  175  19:54  Nexus  
  175  19:57  Void Ray (Chrono Boost)  
  175  20:06  Void Ray (Chrono Boost)  
  167  20:10  Oracle (Chrono Boost)  
  163  20:29  Void Ray  
  177  20:45  Observer  
  177  20:47  Probe x2, Photon Cannon  
  180  20:50  Probe  
  181  20:59  Probe x2  
  181  21:02  Probe  
Show
View Real Time Build Order
Export as new Build Order

LiquidMaNa Protoss 

Build Orders: Carriers 

Get SALT Encoding   

  12  0:00  Probe  
  13  0:12  Probe  
  14  0:18  Pylon  
  14  0:24  Probe (Chrono Boost)  
  15  0:36  Probe (Chrono Boost)  
  15  0:38  Gateway  
  16  0:45  Probe (Chrono Boost)  
  16  0:48  Assimilator  
  17  0:51  Probe  
  18  1:03  Probe (Chrono Boost)  
  19  1:04  Assimilator  
  20  1:12  Probe (Chrono Boost)  
  20  1:13  Gateway  
  20  1:17  Probe (Chrono Boost)  
  21  1:26  Cybernetics Core  
  21  1:29  Probe  
  22  1:36  Pylon  
  22  1:41  Probe  
  23  2:03  Stalker x2, Warp Gate  
  27  2:15  Pylon  
  27  2:25  Robotics Facility  
  27  2:33  Stalker  
  29  2:37  Stalker  
  31  2:44  Gateway  
  31  3:09  Warp Prism (Chrono Boost)  
  33  3:17  Shield Battery  
  31  3:20  Stalker  
  31  3:22  Stalker  
  35  3:33  Pylon  
  35  3:48  Observer  
  36  4:00  Stalker x3  
  42  4:17  Stalker  
  42  4:20  Probe  
  44  4:24  Stalker  
  45  4:32  Probe  
  45  4:37  Twilight Council  
  46  4:44  Probe  
  47  4:55  Pylon  
  47  5:11  Observer, Blink (Chrono Boost)  
  47  5:13  Probe, Sentry  
  50  5:25  Probe  
  51  5:42  Probe, Nexus  
  52  5:50  Observer  
  52  5:56  Stalker x2  
  55  6:11  Pylon  
  55  6:13  Observer, Pylon  
  55  6:29  Probe  
  55  6:31  Gateway  
  56  6:34  Shield Battery  
  54  6:54  Stalker x3  
  60  7:01  Probe  
  61  7:02  Probe  
  61  7:18  Shield Battery, Sentry x3  
  61  7:19  Probe  
  61  7:20  Probe  
  69  7:24  Observer  
  70  7:32  Probe x2  
  72  7:44  Probe x2  
  72  7:48  Charge  
  72  7:53  Assimilator  
  72  7:56  Probe x2  
  74  7:58  Stalker x2  
  78  8:08  Probe x2  
  78  8:11  Assimilator  
  80  8:20  Probe x2  
  80  8:24  Forge  
  82  8:32  Probe  
  83  8:43  Pylon  
  83  8:44  Pylon  
  83  8:58  Nexus  
  63  9:12  Probe, Protoss Ground Weapons Level 1 (Chrono Boost)  
  63  9:13  Probe, Stalker x4  
  69  9:22  Observer  
  69  9:31  Gateway x2  
  69  9:33  Pylon  
  69  9:34  Probe  
  69  9:36  Observer, Probe  
  71  9:56  Observer  
  71  10:07  Probe x2  
  71  10:14  Warp Prism  
  71  10:15  Gateway  
  71  10:17  Gateway  
  71  10:19  Probe x3  
  74  10:22  Observer, Templar Archives  
  74  10:31  Probe  
  74  10:34  Probe x2  
  77  10:43  Probe  
  77  10:47  Probe  
  79  10:52  Nexus  
  79  10:55  Protoss Ground Weapons Level 2 (Chrono Boost)  
  79  10:59  High Templar x6  
  91  11:05  Pylon  
  91  11:07  Archon x3  
  90  11:18  High Templar x2  
  90  11:20  Assimilator  
  90  11:21  Probe  
  90  11:22  Probe x2, Pylon  
  90  11:25  Archon  
  97  11:32  High Templar x2  
  101  11:33  Zealot x4  
  101  11:36  Probe x3  
  101  11:39  Archon  
  112  11:48  Probe x3  
  112  11:54  Zealot x6  
  127  12:00  Probe x2  
  127  12:01  Probe  
  130  12:13  Probe x3  
  130  12:14  Probe  
  134  12:21  Stalker x4  
  134  12:22  Stalker x3  
  148  12:23  Stalker  
  148  12:29  Stargate  
  150  12:35  Pylon  
  150  12:45  Stargate  
  150  12:50  Assimilator  
  150  12:51  Assimilator  
  150  12:52  Assimilator  
  150  12:53  Nexus, Stargate  
  150  12:55  Pylon  
  150  12:56  Protoss Air Weapons Level 1  
  150  13:00  Probe x3  
  153  13:16  Oracle  
  153  13:18  Fleet Beacon  
  156  13:25  Probe x2  
  156  13:26  Void Ray (Chrono Boost)  
  162  13:36  Stargate  
  158  14:00  Carrier x2 (Chrono Boost)  
  158  14:05  Pylon  
  158  14:06  Pylon  
  158  14:08  Pylon  
  158  14:09  Carrier (Chrono Boost)  
  174  14:18  Zealot x6  
  186  14:24  Assimilator  
  186  14:27  Assimilator  
  186  14:28  Gateway  
  186  14:30  Gateway, Protoss Ground Weapons Level 3 (Chrono Boost)  
  184  14:38  Zealot  
  184  14:39  Zealot x7  
  188  15:08  Carrier (Chrono Boost)  
  188  15:09  Carrier (Chrono Boost)  
  198  15:19  Carrier (Chrono Boost)  
  200  15:41  Protoss Air Weapons Level 2 (Chrono Boost)  
  198  15:52  Carrier (Chrono Boost)  
  188  16:02  Carrier (Chrono Boost)  
  188  16:03  Carrier (Chrono Boost)  
  200  16:04  Photon Cannon  
  200  16:07  Photon Cannon  
  200  16:11  Photon Cannon  
  200  16:13  Shield Battery  
  196  16:47  Carrier (Chrono Boost)  
  192  16:58  Carrier (Chrono Boost)  
  196  17:09  Carrier (Chrono Boost)  
  193  17:39  Observer  
  193  17:42  Oracle (Chrono Boost)  
  193  17:43  Oracle (Chrono Boost)  
  194  17:45  Zealot x3  
  198  18:00  Observer  
  170  18:22  Stalker x5  
  170  18:23  Stalker x2  
  88  18:45  Stalker  
  88  18:46  Stalker x9  
  90  18:52  Void Ray x4 (Chrono Boost)  
  103  19:03  Nexus  
  103  19:04  Flux Vanes  
  103  19:05  Pylon  
  84  19:10  Stalker x10  
  84  19:16  Nexus  
  103  19:21  Void Ray (Chrono Boost)  
  95  19:29  Void Ray x2 (Chrono Boost)  
  95  19:30  Void Ray (Chrono Boost)  
  103  19:53  Void Ray (Chrono Boost)  
  105  20:09  Void Ray x2 (Chrono Boost)  
  105  20:10  Carrier (Chrono Boost)  
  89  20:30  Void Ray (Chrono Boost)  
  93  20:53  Assimilator  
Tags
 
Add a new tag
Caveats
  • Supply blocks, unpowered buildings, or Contaminate may cause inaccurate times.
  • Supply counts are checked every 10 seconds.